 Dungeon Sprint DCSS version 0.27.1-34-g3ba077fa99 (webtiles) character file.

Game seed: 10534152101928781341

13885 Groucho the Imperceptible (level 11, -16/54 HPs)
             Began as a Felid Berserker on Jan 24, 2022.
             Was the Champion of Trog.
             Killed from afar by a fire giant (46 damage)
             ... with a bolt of fire
             ... in the Dungeon (Sprint I: "Red Sonja").
             The game lasted 00:10:03 (4242 turns).

Groucho the Imperceptible (Felid Berserker)         Turns: 4242, Time: 00:10:03

Health: -16/54     AC:  2    Str: 13    XL:     11   Next: 81%
Magic:  12/12      EV: 32    Int: 10    God:    Trog [******]
Gold:   917        SH:  0    Dex: 18    Spells: 10/10 levels left
                                        Lives:  0   Deaths: 3

rFire    . . .     SeeInvis +     - Unarmed
rCold    . . .     Faith    .   (shield unavailable)
rNeg     . . .     Spirit   .   (armour unavailable)
rPois    .         Reflect  .   (helmet unavailable)
rElec    .         Harm     .   (cloak unavailable)
rCorr    .         Rampage  .   (gloves unavailable)
Will     +++..     NoTele   +   (boots unavailable)
Stlth    +++++++++.             (no amulet)
HPRegen  1.18/turn              k - +4 ring of slaying
MPRegen  0.13/turn              (no ring)

@: strong-willed, on berserk cooldown, regenerating, hasted and slowed, quick
A: very small, claws 1, fangs 3, see invisible, speed 1, shaggy fur 2, stealthy
paws, no weapons or thrown items, no armour, multi-lived, frail 1
a: Renounce Religion, Berserk, Trog's Hand, Brothers in Arms


You were in the Dungeon.
You worshipped Trog.
Trog was exalted by your worship.
You visited 1 branch You collected 2129 gold pieces.
You spent 1212 gold pieces at shops.

Inventory:

Jewellery
 k - a +4 ring of slaying (left paw)
Wands
 h - a wand of paralysis (10)
Scrolls
 c - a scroll of summoning {unknown}
 f - 2 scrolls of enchant armour {unknown}
 i - a scroll of identify {unknown}
 l - a scroll of amnesia {unknown}
Potions
 a - 2 potions of curing
 b - 2 potions of ambrosia {unknown}
 d - 2 potions of magic
 e - a potion of berserk rage
 g - a potion of cancellation {unknown}
 j - a potion of resistance {unknown}


   Skills:
 + Level 15.3 Fighting
 + Level 19.1 Dodging
 + Level 24.3 Stealth
 + Level 15.3 Unarmed Combat


You had 10 spell levels left.
You didn't know any spells.
Your spell library was empty.

Dungeon Overview and Level Annotations

Branches:
Dungeon (1/1)

Altars:
Cheibriados
Dithmenos
Elyvilon
Fedhas
Gozag
Hepliaklqana
Kikubaaqudgha
Makhleb
Nemelex Xobeh
Okawaru
Qazlal
Ru
Sif Muna
Trog
Uskayaw
Vehumet
Wu Jian
Xom
Yredelemnul
Zin
The Shining One
Jiyva
Lugonu

Shops:
D (*[*(:[?[(?[(*(*!(([[:


Innate Abilities, Weirdness & Mutations

You have sharp claws.
You have razor-sharp teeth.
You have supernaturally acute eyesight. (SInv)
You cover ground quickly. (Speed+)
You are covered in thick fur. (AC +2)
Your paws help you pounce on unaware monsters.
You are incapable of wielding weapons or throwing items.
You cannot wear armour.
You gain extra lives every three experience levels.
You are frail. (-10% HP)


Message History

You are too injured to fight recklessly!
You mangle the fire giant!! You bite the fire giant!
The fire giant is moderately wounded.
You scratch the fire giant. You claw the fire giant. You bite the fire giant.
The fire giant is moderately wounded.
The fire giant completely misses you.
You mangle the fire giant!!
The fire giant is heavily wounded.
You claw the fire giant! You bite the fire giant!
The fire giant is severely wounded.
You mangle the fire giant!!
The fire giant is almost dead.
The fire giant hits you with a +0 great sword of flaming!!
* * * LOW HITPOINT WARNING * * *
The fire giant burns you.
* * * LOW HITPOINT WARNING * * *
You mangle the fire giant!!
You kill the fire giant!
Trog accepts your kill.
Trog appreciates your killing of a magic user.
Your Dodging skill increases to level 19!
You see here a +0 great sword of flaming.
You slam the door shut with a bang!
You feel a strong urge to attack something.
You start resting.
You feel your anger nearly subside.
You are no longer berserk.
You are exhausted.
You feel yourself slow down.
You start resting.
A fire giant opens the door.
It is wielding a +2 great sword of flaming.
A fire giant is nearby!
A fire giant is nearby!
A fire giant is nearby!
You feel yourself speed up.
You claw the fire giant!
The fire giant is lightly wounded.
The fire giant casts a spell at you. The bolt of fire hits you!!!
Ouch! That really hurt!
You die...

################################
.'...#(.#§..§'..§§§.'..#^^+§§§§#
.#...##'#§####§..§§##§.)^^#$§§§##
##..)'..#§#.###.@§#######+#§§($$#
.#####[§'§#'#$###C# ??## #$§§§$#
.#..##+####^.$#y#§##$$$# ##§§$§#
§'..#..°°°#..$###..###$# ###§##
§#..#..°..○..$$$##.#A#$# #.##
###'###°○°#☼....#§.###$# ##§#§
###.§§#○○.###++##.##..$# ##§§§§
#(###§#.°###○○###..#'### #^.§§§
'.∩##.#..# ##$$###...# ##.§§§.


You could see a fire giant.

Vanquished Creatures
  A golden dragon (D)
  A shadow dragon (D)
  3 fire giants (D)
  A lorocyproca (D)
  A hydra (D)
  A centaur warrior (D)
  Sonja (D)
  A deep troll (D)
  A lindwurm (D)
  An oklob plant (D)
  A gargoyle (D)
  2 kobold demonologists (D)
  7 unseen horrors (D)
  4 demonic crawlers (D)
  A hornet (D)
  A slime creature (D)
  Sigmund (D)
  2 redbacks (D)
  13 hogs (D)
  A yak (D)
  2 floating eyes (D)
  7 necrophages (D)
  An ogre (D)
  8 jellies (D)
  Ijyb (D)
64 creatures vanquished.

Vanquished Creatures (collateral kills)
  A centaur warrior (D)
  8 shining eyes (D)
  4 floating eyes (D)
13 creatures vanquished.

Vanquished Creatures (others)
  A floating eye (D)
  2 ballistomycete spores (D)
3 creatures vanquished.

Grand Total: 80 creatures vanquished

Notes
Turn   | Place    | Note
-------+----------+-------------------------------------------
     0 | D        | Groucho the Felid Berserker began the quest for the Orb.
     0 | D        | Reached XP level 1. HP: 10/10 MP: 2/2
     2 | D        | Noticed Ijyb
    12 | D        | Killed Ijyb
    13 | D        | Reached skill level 8 in Stealth
    13 | D        | Reached XP level 2. HP: 14/14 MP: 3/3
   234 | D        | Noticed an ogre
   241 | D        | Killed an ogre
   242 | D        | Reached skill level 12 in Stealth
   242 | D        | Reached XP level 3. HP: 17/17 MP: 4/4
   242 | D        | Reached XP level 4. HP: 21/21 MP: 5/5
   470 | D        | Noticed Sigmund
   492 | D        | Killed Sigmund
   492 | D        | Reached ** piety under Trog
   493 | D        | Reached skill level 16 in Stealth
   493 | D        | Reached XP level 5. HP: 17/24 MP: 6/6
   493 | D        | Gained mutation: You are covered in thick fur. (AC +2)
                  | [Felid growth]
   493 | D        | Reached XP level 6. HP: 20/28 MP: 7/7
   869 | D        | Found a shimmering blue altar of Sif Muna.
   870 | D        | Found an ornate altar of the Wu Jian Council.
   871 | D        | Found a radiant altar of Vehumet.
   892 | D        | Found Kasoq's General Store.
   892 | D        | Found an ancient bone altar of Kikubaaqudgha.
   892 | D        | Found a hazy altar of Hepliaklqana.
   892 | D        | Found a stormy altar of Qazlal.
   892 | D        | Found a hide-covered altar of Uskayaw.
   892 | D        | Found a blossoming altar of Fedhas.
   892 | D        | Found a bloodstained altar of Trog.
   892 | D        | Found an iron altar of Okawaru.
   892 | D        | Found a basalt altar of Yredelemnul.
   892 | D        | Found a glowing golden altar of the Shining One.
   892 | D        | Found a snail-covered altar of Cheibriados.
   892 | D        | Found a sacrificial altar of Ru.
   892 | D        | Found a glowing silver altar of Zin.
   892 | D        | Found a shadowy altar of Dithmenos.
   892 | D        | Found a white marble altar of Elyvilon.
   892 | D        | Noticed a yak
   893 | D        | Found an opulent altar of Gozag.
   894 | D        | Killed a yak
   895 | D        | Found a sparkling altar of Nemelex Xobeh.
   930 | D        | Found a burning altar of Makhleb.
   930 | D        | Found a shimmering altar of Xom.
   930 | D        | Noticed a slime creature
   931 | D        | Found a viscous altar of Jiyva.
   931 | D        | Found a corrupted altar of Lugonu.
   933 | D        | Killed a slime creature
   933 | D        | Reached *** piety under Trog
   934 | D        | Reached skill level 5 in Fighting
   934 | D        | Reached skill level 17 in Stealth
   934 | D        | Reached skill level 5 in Unarmed Combat
   934 | D        | Reached XP level 7. HP: 33/33 MP: 8/8
   962 | D        | Noticed a centaur warrior
   962 | D        | Noticed a centaur warrior
   966 | D        | HP: 1/49 [centaur warrior (6)]
   966 | D        | Slain by a centaur warrior
   967 | D        | Reached XP level 6. HP: -2/45 MP: 7/7
   971 | D        | Noticed a demonic crawler
   971 | D        | Noticed a demonic crawler
   971 | D        | Noticed a demonic crawler
   971 | D        | Noticed a demonic crawler
   973 | D        | Killed a demonic crawler
   974 | D        | Reached XP level 7. HP: 35/35 MP: 8/8
   974 | D        | Killed a demonic crawler
   975 | D        | Reached skill level 18 in Stealth
   976 | D        | Killed a demonic crawler
   976 | D        | Reached **** piety under Trog
   977 | D        | Reached XP level 8. HP: 40/40 MP: 9/9
   977 | D        | Killed a demonic crawler
   978 | D        | Reached skill level 10 in Dodging
   979 | D        | Noticed a kobold demonologist
   980 | D        | Noticed a kobold demonologist
   983 | D        | Noticed an ice devil
   983 | D        | Paralysed by a floating eye for 3 turns
   985 | D        | Mangled by an ice devil
   986 | D        | Reached XP level 7. HP: -13/37 MP: 8/8
   987 | D        | Noticed a meliai
   987 | D        | Noticed a lorocyproca
   990 | D        | Killed a lorocyproca
   991 | D        | Reached skill level 19 in Stealth
   991 | D        | Reached XP level 8. HP: 42/42 MP: 9/9
  1006 | D        | Noticed a gargoyle
  1011 | D        | Killed a kobold demonologist
  1012 | D        | Paralysed by a floating eye for 4 turns
  1032 | D        | Killed a gargoyle
  1033 | D        | Reached XP level 9. HP: 6/46 MP: 10/10
  1288 | D        | Killed a kobold demonologist
  1289 | D        | Reached skill level 10 in Fighting
  1289 | D        | Reached skill level 10 in Unarmed Combat
  1303 | D        | Noticed Sonja
  1306 | D        | Noticed a deep troll
  1308 | D        | Killed Sonja
  1308 | D        | Reached ***** piety under Trog
  1309 | D        | Reached skill level 20 in Stealth
  1320 | D        | Killed a centaur warrior
  1332 | D        | Found Fahuad's Armour Emporium.
  1334 | D        | Killed a deep troll
  1335 | D        | Reached XP level 10. HP: 49/52 MP: 11/11
  1357 | D        | Found Lorphesu's Antique Weapon Boutique.
  1357 | D        | Noticed a shining eye
  1357 | D        | Noticed a shining eye
  1358 | D        | Noticed a shining eye
  1359 | D        | Gained mutation: You are frail. (-10% HP) [a shining eye]
  1365 | D        | Paralysed by a floating eye for 2 turns
  1366 | D        | Noticed a shining eye
  1369 | D        | Killed a shining eye
  1372 | D        | Killed a centaur warrior
  1376 | D        | Killed a shining eye
  1377 | D        | Reached skill level 21 in Stealth
  1377 | D        | Noticed a shining eye
  1377 | D        | Killed a shining eye
  1378 | D        | Killed a shining eye
  1380 | D        | Noticed a shining eye
  1380 | D        | Killed a shining eye
  1381 | D        | Noticed a shining eye
  1383 | D        | Killed a shining eye
  1387 | D        | Killed a shining eye
  1388 | D        | Reached skill level 15 in Dodging
  1388 | D        | Noticed a shining eye
  1390 | D        | Killed a shining eye
  1397 | D        | Found Wihuf's Book Boutique.
  1397 | D        | Found Plog's Antique Armour Emporium.
  1399 | D        | Found Nabuqo's Assorted Antiques.
  1400 | D        | Found Dewodi Ahon's Antique Weapon Shop.
  1501 | D        | Noticed an oklob plant
  1504 | D        | Killed an oklob plant
  1513 | D        | Reached ****** piety under Trog
  1717 | D        | Reached XP level 11. HP: 51/51 MP: 12/12
  2246 | D        | Found the +3 crown of Dyrovepreva {rElec Int+2 SInv}
  2261 | D        | Reached skill level 22 in Stealth
  2284 | D        | Found Ixzileed's Magic Scroll Shoppe.
  2284 | D        | Found Uqim Rin's Antique Armour Shop.
  2284 | D        | Found Womuo's Antique Armour Boutique.
  2286 | D        | Found Lonlocva's Weapon Emporium.
  2286 | D        | Found Zasus's Magic Scroll Shop.
  2286 | D        | Found Suipt's Antique Armour Shoppe.
  2286 | D        | Found Ixkihar's Antique Weapon Boutique.
  2286 | D        | Found Ecraa's Assorted Antiques.
  2286 | D        | Found Meuss's Weapon Shop.
  2286 | D        | Found Oster's General Store.
  2290 | D        | Found Guemny's Distillery.
  2291 | D        | Found Deha's Antique Weapon Emporium.
  2291 | D        | Found Horid's Weapon Boutique.
  2292 | D        | Found Tepnoma's Antique Armour Emporium.
  2307 | D        | Bought a +4 ring of slaying for 1014 gold pieces
  2585 | D        | Bought a potion of heal wounds for 55 gold pieces
  2585 | D        | Bought a potion of haste for 110 gold pieces
  2585 | D        | Bought a potion of curing for 33 gold pieces
  2658 | D        | Noticed a lindwurm
  2663 | D        | Killed a lindwurm
  3060 | D        | Noticed a 12-headed hydra
  3062 | D        | Killed a 12-headed hydra
  3082 | D        | Noticed a daeva
  3116 | D        | Reached skill level 23 in Stealth
  3687 | D        | Noticed a fire giant
  3690 | D        | Noticed a fire giant
  3691 | D        | Noticed a fire giant
  3692 | D        | Noticed a fire giant
  3694 | D        | Killed a fire giant
  3714 | D        | Slain by a fire giant
  3715 | D        | Reached XP level 10. HP: -2/50 MP: 11/11
  3939 | D        | Noticed a shadow dragon
  3939 | D        | Noticed a golden dragon
  3944 | D        | Killed a shadow dragon
  3945 | D        | Reached XP level 11. HP: 54/54 MP: 12/12
  3946 | D        | Killed a golden dragon
  4012 | D        | Found Titiepro's Book Shoppe.
  4206 | D        | Killed a fire giant
  4207 | D        | Reached skill level 15 in Fighting
  4207 | D        | Reached skill level 24 in Stealth
  4207 | D        | Reached skill level 15 in Unarmed Combat
  4222 | D        | HP: 2/81 [fire giant (5)]
  4223 | D        | Killed a fire giant
  4242 | D        | Killed from afar by a fire giant

Illustrated notes

Levels and vault maps discovered:
D:        dungeon_sprint_1 [red_sonja_temple_1, red_sonja_temple_small_1]

Skill      XL: |  1  2  3  4  5  6  7  8  9 10 11 |
---------------+----------------------------------+-----
Stealth        | 8 12 16 17 19 20 21 24 | 24.3
Fighting       | 6 9 8 11 12 15 | 15.3
Dodging        | 8 11 12 14 18 19 | 19.1
Unarmed Combat | 6 9 8 11 12 15 | 15.3

Action                   |  1- 3 |  4- 6 |  7- 9 | 10-12 || total
-------------------------+-------+-------+-------+-------++-------
Melee: Unarmed           |     7 |    17 |    26 |   121 ||   171
       Bite              |     1 |     2 |     1 |    15 ||    19
       Punch             |       |       |     1 |     9 ||    10
Invok: Berserk           |     2 |     1 |     1 |     4 ||     8
       Brothers in Arms  |       |       |     1 |     4 ||     5
       Trog's Hand       |       |       |       |     3 ||     3
  Use: Potion            |     1 |     2 |       |     4 ||     7
       Scroll            |       |       |     1 |       ||     1
 Stab: Sleeping          |     1 |     4 |     6 |    18 ||    29
       Distracted        |       |       |     2 |     1 ||     3
Armor: Skin              |       |       |     3 |     4 ||     7
Dodge: Dodged            |     4 |    10 |    23 |   111 ||   148
